 Dungeon Crawl Stone Soup version 0.16.1 (webtiles) character file.

542 Sixotanaka the Basher (level 7, -3/105 HPs)
             Began as an Ogre Berserker on Mar 27, 2015.
             Was a High Priest of Trog.
             Slain by a giant frog skeleton (7 damage)
             ... on level 6 of the Dungeon.
             The game lasted 00:12:10 (4294 turns).

Sixotanaka the Basher (Ogre Berserker)              Turns: 4294, Time: 00:12:10

Health: -3/105     AC:  5    Str: 30    XL:     7   Next: 27%
Magic:  7/7        EV: 10    Int:  6    God:    Trog [*****.]
Gold:   195        SH:  0    Dex: 11    Spells: 0 memorised, 6 levels left

rFire  . . .     SeeInvis .     t - +0 giant club (curse)
rCold  . . .     Clarity  .     b - +0 animal skin
rNeg   . . .     SustAb   .     (shield restricted)
rPois  .         Gourm    .     (helmet restricted)
rElec  .         Spirit   .     s - +1 cloak
rCorr  .         Warding  .     (gloves unavailable)
rMut   .         Stasis   .     (boots unavailable)
MR     .....                    (no amulet)
Stlth  ..........               (no ring)
                                k - +2 ring of strength

@: berserking, very quick, not resistant to hostile enchantments, extremely
unstealthy
A: unfitting armour, tough skin 1
a: Burn Spellbooks, Berserk, Trog's Hand, Brothers in Arms, Renounce Religion


You were on level 6 of the Dungeon.
You worshipped Trog.
Trog was extremely pleased with you.
You were not hungry.

You visited 1 branch of the dungeon, and saw 5 of its levels.

You collected 195 gold pieces.


Innate Abilities, Weirdness & Mutations

You are too large for most types of armour.
You have tough skin (AC +1).


   Skills:
 - Level 4.0 Fighting
 + Level 10.5 Maces & Flails
 - Level 1.5 Armour
 - Level 1.7 Dodging


You had 6 spell levels left.
You didn't know any spells.

Dungeon Overview and Level Annotations

Branches:
Dungeon (6/15)
 Temple: D:4-7

Altars:
Gozag
Okawaru
Zin

Inventory:

Hand weapons
 t - a cursed +0 giant club (weapon)
Missiles
 e - 56 stones (quivered)
Armour
 b - a +0 animal skin (worn)
 s - a +1 cloak (worn)
Jewellery
 k - a +2 ring of strength (left hand)
 l - an uncursed ring of ice
Magical devices
 p - a wand of paralysis (13)
 q - a wand of frost (15)
Scrolls
 d - 2 scrolls of noise {!r}
 g - 2 scrolls of teleportation {@r4}
 i - 2 scrolls of remove curse {@r2}
 o - a scroll of fog {unknown}
Potions
 f - a potion of cure mutation
 j - a potion of cancellation
 n - a potion of ambrosia {!q}
 r - a potion of haste {@q3}
Comestibles
 c - 4 meat rations
 h - 3 bread rations
 m - a slice of pizza

. ...# #.# .....
##.#.# .#.# #.....#
... ##.....###.#
.........KF
#.....##Z#
.....##@######.#
#.#..#Z5....... ###
#.............# .)#
#>.###..#.#######..
..# #.......#.# ..#
#######.#.# .##
#)#.# .♣ #.#.# ♣♣
#.#.#


You could see a giant frog, a shadow imp, a goliath beetle zombie, a kobold and
a giant frog skeleton.


Message History

You kill the hound!
Trog accepts your kill.
You hit the active ballistomycete.
A shadow imp comes into view.
You hit the active ballistomycete!
The shadow imp gestures at the surrounding area.
The dead are walking!
A hound zombie comes into view.
You hit the active ballistomycete!!
You destroy the active ballistomycete!
The fungal colony is destroyed.
You hit the hound zombie.
The hound zombie bites you but does no damage.
The goblin hits you with a club. The hound zombie barely misses you.
You miss the goblin. The hound zombie barely misses you.
The goblin closely misses you.
You closely miss the goblin. The hound zombie completely misses you.
The goblin barely misses you. The hound zombie closely misses you.
You barely miss the goblin. The hound zombie bites you.
The goblin hits you with a club. The goliath beetle bites you!!
* * * LOW HITPOINT WARNING * * *
A red film seems to cover your vision as you go berserk!
You feel yourself moving faster!
You feel mighty!
You feel somewhat more hungry. The hound zombie closely misses you.
The goblin hits you with a club.
* * * LOW HITPOINT WARNING * * *
You hit the goliath beetle but do no damage.
The hound zombie bites you.
* * * LOW HITPOINT WARNING * * *
The hound zombie bites you but does no damage.
The goliath beetle bites you.
* * * LOW HITPOINT WARNING * * *
A giant frog skeleton comes into view.
You hit the goliath beetle!!! The goblin completely misses you.
The hound zombie bites you.
* * * LOW HITPOINT WARNING * * *
You completely miss the goliath beetle. The goblin closely misses you.
The hound zombie misses you. The goliath beetle barely misses you.
Unknown command.
You hit the goliath beetle! The hound zombie bites you.
* * * LOW HITPOINT WARNING * * *
You hit the goliath beetle!!
You feel the power of Trog in you as your rage grows.
You kill the goliath beetle!
Trog accepts your kill. The goblin hits you with a club.
* * * LOW HITPOINT WARNING * * *
The hound zombie bites you.
* * * LOW HITPOINT WARNING * * *
A giant frog and a kobold come into view.
The giant frog croaks.
You hit the goblin!!!
You feel the power of Trog in you as your rage grows.
You kill the goblin!
Trog accepts your kill.
The hound zombie bites you but does no damage.
The shadow imp hits you.
* * * LOW HITPOINT WARNING * * *
The kobold throws a stone.
The stone hits you but does no damage.
You hit the hound zombie!!!
You destroy the hound zombie!
The shadow imp gestures at the surrounding area.
The dead are crawling!
A goliath beetle zombie comes into view.
You hit the giant frog skeleton!
The giant frog skeleton barely misses you.
You hit the giant frog skeleton!!
The shadow imp hits you but does no damage.
The giant frog skeleton hits you!
You die...

Action                   |  1- 3 |  4- 6 |  7- 9 || total
-------------------------+-------+-------+-------++-------
Melee: Mace              |   109 |   204 |       ||   313
       Morningstar       |       |    40 |       ||    40
       Giant club        |       |    10 |    30 ||    40
Throw: Stone             |    10 |    10 |       ||    20
Invok: Berserk           |     1 |     5 |     1 ||     7
       Burn Spellbooks   |       |     1 |       ||     1
  Use: Scroll            |       |     6 |     1 ||     7
 Stab: Distracted        |       |     1 |       ||     1
       Invisible         |       |     1 |       ||     1
  Eat: Royal jelly       |     1 |       |       ||     1
       Chunk             |       |    11 |       ||    11
       Beef jerky        |       |     2 |     1 ||     3

Vault maps used:
D:1:      evilmike_arrival_run_for_it, minmay_misc_feat_diagonals
D:2:      grunt_temple_overflow_gold_and_silver, first_bread, uniq_jessica
D:3:      minmay_misc_feat_plants, okawaru_altar_gauntlet_db, uniq_robin
D:4:      minmay_mini_ossuary
D:6:      nemelex_xobeh_ov_fountains_minmay, gammafunk_temple_overflow_pools,
          serial_glass, glass_columns_c, glass_columns_a, glass_columns_c,
          glass_columns_a, glass_columns_b, glass_columns_a, uniq_iyjb,
          uniq_crazy_yiuf_cottage

Notes
Turn   | Place    | Note
--------------------------------------------------------------
     0 | D:1      | Sixotanaka, the Ogre Berserker, began the quest for the Orb.
     0 | D:1      | Reached XP level 1. HP: 24/24 MP: 1/1
    92 | D:1      | Reached XP level 2. HP: 26/32 MP: 2/2
   143 | D:1      | Reached skill level 5 in Maces & Flails
   357 | D:1      | Acquired Trog's second power
   361 | D:1      | Reached XP level 3. HP: 35/39 MP: 3/3
   828 | D:1      | zzxc: wonder what ill play tomorrow
   845 | D:1      | Reached skill level 6 in Maces & Flails
   880 | D:1      | zzxc: Og Ko HE DE Gh
   986 | D:1      | zzxc: Sp
  1095 | D:2      | Reached XP level 4. HP: 20/48 MP: 4/4
  1098 | D:2      | zzxc: En AM Ne Cj EE
  1109 | D:2      | HP: 18/72 [poisoned by an adder]
  1115 | D:2      | HP: 10/48 [poisoned by an adder]
  1120 | D:2      | HP: 8/48 [poisoned by an adder]
  1125 | D:2      | HP: 7/48 [poisoned by an adder]
  1130 | D:2      | HP: 6/48 [poisoned by an adder]
  1348 | D:2      | Sixotanaka: mm
  1348 | D:2      | Sixotanaka: idk
  1429 | D:3      | Noticed Robin
  1429 | D:3      | zzxc: ogre has high hp
  1430 | D:3      | zzxc: could be good
  1442 | D:3      | Killed Robin
  1442 | D:3      | zzxc: rip
  1445 | D:3      | zzxc: robin hurts
  1551 | D:2      | Sixotanaka: lol
  1551 | D:2      | Sixotanaka: didn't think he hurt that much
  1551 | D:2      | Sixotanaka: with a short sword
  1613 | D:2      | zzxc: he reeeeeeeealy hurts
  1670 | D:2      | Found an opulent altar of Gozag.
  1670 | D:2      | Found a glowing silver altar of Zin.
  1677 | D:2      | zzxc: on my Dr
  1705 | D:2      | zzxc: he threw a goblin at me
  1705 | D:2      | Sixotanaka: haven't seen him
  1705 | D:2      | Sixotanaka: many times
  1705 | D:2      | Sixotanaka: rofl
  1706 | D:2      | zzxc: which did 80% of my hp
  1747 | D:2      | Reached skill level 7 in Maces & Flails
  1750 | D:2      | Sixotanaka: so on a FeTr
  1750 | D:2      | Sixotanaka: i mad
  1750 | D:2      | Sixotanaka: made
  1750 | D:2      | Sixotanaka: i went down a staircase
  1750 | D:2      | Sixotanaka: 6 orcs in melee
  1750 | D:2      | Sixotanaka: went up
  1750 | D:2      | Sixotanaka: was in a chokepoint
  1750 | D:2      | Sixotanaka: killed one on one side
  1750 | D:2      | Sixotanaka: summoned an adder
  1750 | D:2      | Sixotanaka: and hit behind it
  1750 | D:2      | Sixotanaka: and it killed all 5 of the rest of the orcs
  1752 | D:2      | zzxc: lol
  1758 | D:2      | zzxc: adders are strong
  1872 | D:2      | zzxc: high ev good dmg
  1912 | D:2      | Sixotanaka: hero adder
  2106 | D:2      | Noticed Jessica
  2109 | D:2      | Reached XP level 5. HP: 54/54 MP: 5/5
  2141 | D:2      | HP: 7/54 [Jessica/nerve-wracking pain (11)]
  2297 | D:2      | zzxc: why is twitch so bad at stopping spam
  2377 | D:2      | Sixotanaka: they lost touch
  2377 | D:2      | zzxc: spam gets rmeoved 1 second after
  2377 | D:2      | Sixotanaka: with their users
  2468 | D:2      | Sixotanaka: 99% of twitch chat users
  2468 | D:2      | Sixotanaka: just spam memes all day
  2504 | D:2      | Killed Jessica
  2563 | D:2      | zzxc: I dont understand how you can stop almost all spam, ONE SECOND after it's been sent
  2574 | D:2      | Reached skill level 8 in Maces & Flails
  2683 | D:2      | zzxc: and not be able to prevent it altogether
  2683 | D:2      | Sixotanaka: idk
  2683 | D:2      | zzxc: just do that check before the message is displayed
  2683 | D:2      | zzxc: at all
  2696 | D:2      | Sixotanaka: bad design
  2864 | D:3      | Acquired Trog's third power
  3019 | D:3      | Found an iron altar of Okawaru.
  3071 | D:3      | Reached XP level 6. HP: 18/62 MP: 6/6
  3369 | D:3      | Sixotanaka: what
  3369 | D:3      | Sixotanaka: random potions
  3729 | D:4      | Reached skill level 9 in Maces & Flails
  3917 | D:4      | You fall through a shaft for 2 floors!
  4049 | D:6      | Noticed Crazy Yiuf
  4060 | D:6      | Killed Crazy Yiuf
  4060 | D:6      | Reached skill level 10 in Maces & Flails
  4060 | D:6      | Reached XP level 7. HP: 28/70 MP: 7/7
  4284 | D:6      | HP: 13/70 [goliath beetle (24)]
  4289 | D:6      | HP: 11/105 [hound zombie[a shadow imp] (2)]
  4291 | D:6      | HP: 3/105 [shadow imp (6)]
  4294 | D:6      | Slain by a giant frog skeleton

Vanquished Creatures
  An ogre (D:4)
  A goliath beetle (D:6)
  2 hounds (D:6)
  Crazy Yiuf (D:6)
  An orc priest (D:4)
  A worker ant (D:6)
  Jessica (D:2)
  A hound zombie (D:6)
  Robin (D:3)
  5 gnolls
  6 adders
  3 worms
  An ooze (D:2)
  13 orcs
  2 ball pythons (D:2)
  A bat zombie (D:6)
  5 giant cockroaches
  25 goblins
  6 hobgoblins
  9 jackals (D:1)
  10 bats
  3 giant newts (D:1)
  2 hobgoblin zombies (D:4)
  8 kobolds
  2 orc zombies (D:4)
  4 quokkas
  A quokka skeleton (D:3)
  4 rats
  2 ballistomycetes (D:6)
122 creatures vanquished.

Vanquished Creatures (others)
  A giant spore (D:6)
1 creature vanquished.

Grand Total: 123 creatures vanquished
